 Dungeon Crawl Stone Soup version 0.30-a0-364-gf6b3ef1049 (webtiles) character file.

Game seed: 14027991245145795479

1057 vineage the Fighter (level 8, -8/59 HPs)
             Began as a Gargoyle Fighter on Nov 15, 2022.
             Was a Follower of Okawaru.
             Mangled by a bog mummy (12 damage)
             ... in an ossuary.
             The game lasted 00:07:36 (3321 turns).

vineage the Fighter (Gargoyle Fighter)              Turns: 3321, Time: 00:07:36

Health: -8/59      AC: 17    Str: 21    XL:     8   Next: 27%
Magic:  8/8        EV:  5    Int: 10    God:    Okawaru [*.....]
Gold:   287        SH:  6    Dex:  9    Spells: 7/7 levels left

rFire   . . .      SeeInvis .    a - +1 flail
rCold   . . .      Faith    .    m - +2 buckler
rNeg    + . .      Spirit   .    o - +0 plate armour
rPois   ∞          Reflect  .    (no helmet)
rElec   +          Harm     .    (no cloak)
rCorr   .          Rampage  .    (no gloves)
Will    .....                    (no boots)
Stlth   ..........               f - amulet of the acrobat
HPRegen 0.29/turn                (no ring)
MPRegen 0.11/turn                (no ring)

@: no status effects
A: sickness immunity, AC +5, negative energy resistance 1, electricity
resistance, torment resistance 1, petrification resistance
a: Renounce Religion, Heroism


You were in an ossuary.
You worshipped Okawaru.
Okawaru was aware of your devotion.
You visited 2 branches of the dungeon, and saw 6 of its levels.
You also visited: Ossuary.

You collected 287 gold pieces.

Inventory:

Hand Weapons
 a - a +1 flail (weapon)
Missiles
 d - a throwing net (quivered)
Armour
 b - a +0 scale mail
 c - a +0 buckler
 m - a +2 buckler (worn)
 o - a +0 plate armour (worn)
Jewellery
 f - an amulet of the acrobat (around neck)
 h - a ring of fire
 t - a +6 ring of intelligence
Wands
 l - a wand of mindburst (12)
 q - a wand of flame (15)
Scrolls
 g - a scroll of poison
 k - a scroll of teleportation
 p - a scroll of butterflies {unknown}
Potions
 i - a potion of heal wounds
 j - a potion of curing {unknown}
 n - a potion of lignification {unknown}
 r - 3 potions of attraction {unknown}
 s - a potion of mutation {unknown}


   Skills:
 * Level 10.8 Fighting
 - Level 2.0 Maces & Flails
 - Level 3.2 Armour
 - Level 3.2 Shields


You had 7 spell levels left.
You didn't know any spells.
Your spell library was empty.

Dungeon Overview and Level Annotations

Branches:
Dungeon (5/15)             Temple (1/1) D:4         Ossuary (1/1)

Altars:
Cheibriados
Hepliaklqana
Kikubaaqudgha
Makhleb
Nemelex Xobeh
Okawaru
Ru
Trog
Vehumet
Xom
The Shining One

Shops:
D:5 [


Innate Abilities, Weirdness & Mutations

You are immune to sickness and miasma.
Your stone body is resilient. (AC +5)
You are immune to poison.
You resist negative energy. (rN+)
You are resistant to electric shocks. (rElec)
You are resistant to unholy torment.
You are immune to petrification.


Message History

The mummy is severely damaged.
The mummy hits you.
You hit the mummy.
You destroy the mummy!
Okawaru accepts your kill. You block the bullfrog zombie's attack.
You thump the bullfrog zombie!
The bullfrog zombie is moderately damaged.
The bullfrog zombie hits you.
The bullfrog zombie hits you but does no damage.
You hit the bullfrog zombie.
The bullfrog zombie is moderately damaged.
You block the bullfrog zombie's attack. The bullfrog zombie hits you.
You sock the bullfrog zombie!
The bullfrog zombie is heavily damaged.
The bullfrog zombie hits you but does no damage.
You completely miss the bullfrog zombie.
The bullfrog zombie is heavily damaged.
You block the bullfrog zombie's attack.
You barely miss the bog mummy. You hit the bog mummy but do no damage.
The bog mummy casts a spell at you. The puff of frost hits you!
You barely miss the bog mummy. The bog mummy hits you.
* * * LOW HITPOINT WARNING * * *
You closely miss the bog mummy. You hit the bog mummy.
The bog mummy is lightly damaged.
The bog mummy hits you!
* * * LOW HITPOINT WARNING * * *
You hit the bog mummy.
The bog mummy is moderately damaged.
The bog mummy hits you but does no damage.
You barely miss the bog mummy.
The bog mummy is moderately damaged.
The bog mummy hits you but does no damage.
You hit the bog mummy.
The bog mummy is moderately damaged.
The bog mummy hits you!
You die...

# ##### #. #.#.# #
#+#'#'#+#'#'#'####
+.....ZZ...Z.~.P≈#
#.##M##M##'##~~≈~#
#@#...# M.~#
###.∩.# ≈## #∩..#
~# ##### ≈≈ ≈


You could see a bog mummy, a bullfrog zombie and a centaur zombie.

Vanquished Creatures
  Sigmund (D:5)
  2 necrophages (D:5)
  4 electric eels (D:3)
  A bullfrog zombie (Ossuary)
  A centaur zombie (Ossuary)
  2 hounds (D:5)
  A jelly (D:5)
  An orc priest (D:5)
  An iguana (D:5)
  A killer bee zombie (Ossuary)
  7 mummies (Ossuary)
  Robin (D:3)
  7 gnolls
  7 adders
  A white imp (D:3)
  6 worms
  3 dart slugs
  4 orcs (D:5)
  4 bats
  10 endoplasms
  10 hobgoblins
  5 jackals (D:3)
  2 quokkas (D:3)
  8 ball pythons
  3 frilled lizards
  14 goblins
  4 kobolds
  3 rats
114 creatures vanquished.

Vanquished Creatures (others)
  A plant (D:3)
  3 withered plants (Ossuary)
4 creatures vanquished.

Grand Total: 118 creatures vanquished

Notes
Turn   | Place    | Note
-------+----------+-------------------------------------------
     0 | D:1      | vineage the Gargoyle Fighter began the quest for the Orb.
     0 | D:1      | Reached XP level 1. HP: 14/14 MP: 1/1
    78 | D:1      | Reached XP level 2. HP: 18/20 MP: 2/2
   105 | D:1      | Reached skill level 4 in Fighting
   479 | D:1      | Reached XP level 3. HP: 23/24 MP: 3/3
   690 | D:2      | Reached skill level 5 in Fighting
   832 | D:2      | Reached XP level 4. HP: 31/31 MP: 4/4
  1213 | D:3      | Found a faded altar of an unknown god.
  1311 | D:3      | Noticed Robin
  1461 | D:2      | Reached skill level 6 in Fighting
  1478 | D:3      | Killed Robin
  1479 | D:3      | Reached XP level 5. HP: 32/36 MP: 5/5
  1518 | D:3      | Found a transporter.
  1600 | D:3      | Found a transporter.
  2086 | D:3      | Reached skill level 7 in Fighting
  2086 | D:3      | Reached XP level 6. HP: 40/44 MP: 6/6
  2393 | D:4      | Found a staircase to the Ecumenical Temple.
  2500 | Temple   | Entered the Ecumenical Temple
  2549 | Temple   | Became a worshipper of Warmaster Okawaru
  2597 | D:4      | You fall into a shaft and drop 1 floor!
  2597 | D:5      | Entered Level 5 of the Dungeon
  2622 | D:5      | Reached skill level 8 in Fighting
  2749 | D:5      | Found Rubem's Armour Boutique.
  2752 | D:5      | Reached XP level 7. HP: 49/50 MP: 7/7
  2879 | D:5      | Reached skill level 9 in Fighting
  3094 | D:5      | Noticed Sigmund
  3109 | D:5      | Killed Sigmund
  3109 | D:5      | Reached * piety under Okawaru
  3110 | D:5      | Reached skill level 10 in Fighting
  3110 | D:5      | Reached XP level 8. HP: 53/57 MP: 8/8
  3218 | D:5      | Found a sand-covered staircase.
  3223 | Ossuary  | Entered an ossuary
  3321 | Ossuary  | Mangled by a bog mummy

Illustrated notes

Levels and vault maps discovered:
D:1:      dpeg_arrival_yet_another_circle, layout_rooms
D:2:      layout_rooms, grunt_ministairs_8
D:3:      gammafunk_steamed_eel, layout_loops_ring,
          ebering_ecumenical_altar_rust, uniq_robin
D:4:      minmay_chambers_of_twos, layout_basic, minmay_temple_entry_fiery,
          kennysheep_boxes
D:5:      layout_rooms, serial_shops, shop_coins, enter_ossuary_5, st_stairs_6,
          uniq_sigmund, uniq_crazy_yiuf_cottage
Temple:   nicolae_temple_bog_church
Ossuary:  ossuary_zaba_flooded

Skill      XL: |  1  2  3  4  5  6  7 |
---------------+----------------------+-----
Fighting       | 4 5 6 7 8 10 | 10.8
Maces & Flails | |  2.0
Armour         | |  3.2
Shields        | |  3.2

Action                   |  1- 3 |  4- 6 |  7- 9 || total
-------------------------+-------+-------+-------++-------
Melee: Flail             |    99 |   197 |   151 ||   447
Invok: Heroism           |       |       |     1 ||     1
  Use: Scroll            |     2 |     6 |       ||     8
       Potion            |       |     2 |     2 ||     4
 Stab: Invisible         |       |     2 |       ||     2
Armor: Scale mail        |    45 |    78 |       ||   123
       Plate armour      |       |    45 |    91 ||   136
Dodge: Dodged            |    52 |   113 |    41 ||   206
Block: Buckler           |    26 |    86 |    53 ||   165

Table legend: (Time is in decaauts)
 A = Elapsed time spent in this place.
 B = Non-inter-level travel time spent in this place.
 C = Inter-level travel time spent in this place.
 D = Time resting spent in this place.
 E = Time spent auto-exploring this place.
 F = Levels seen in this place.
 G = Mean time per level.
                   A        B        C        D        E       F      G
               +--------+--------+--------+--------+--------+-----+--------+
         Total |   3454 |   3229 |    225 |     97 |   2185 |   7 |  493.4 |
       Dungeon |   3290 |   3093 |    197 |     97 |   2147 |   5 |  658.0 |
        Temple |     65 |     37 |     28 |      0 |     30 |   1 |   65.0 |
       Ossuary |     97 |     97 |      0 |      0 |      8 |   1 |   97.0 |
               +--------+--------+--------+--------+--------+-----+--------+

Top non-repeatable levels by time:
     D:3: 912 daAuts
     D:2: 809 daAuts
     D:5: 662 daAuts
     D:1: 601 daAuts
     D:4: 305 daAuts
 Ossuary: 97 daAuts
  Temple: 65 daAuts
